 Dungeon Crawl Stone Soup version 0.27-a0-1193-g8631133539 (webtiles) character file.

Game seed: 6224349585156945407

261 Ijustatesigmund the Chopper (level 6, -28/56 HPs)
             Began as a Hill Orc Fighter on May 25, 2021.
             Annihilated by an ogre
             ... wielding a +0 giant spiked club
              (33 damage)
             ... while paralysed by Grinder
             ... on level 4 of the Dungeon.
             The game lasted 00:03:53 (3033 turns).

Ijustatesigmund the Chopper (Hill Orc Fighter)      Turns: 3033, Time: 00:03:53

Health: -28/56     AC:  5    Str: 19    XL:     6   Next: 18%
Magic:  6/6        EV:  2    Int:  8    God:
Gold:   113        SH:  0    Dex: 12    Spells: 5/5 levels left

rFire    + . .     SeeInvis .   a - +1 war axe
rCold    . . .     Faith    .   c - +0 kite shield
rNeg     . . .     Spirit   .   b - +0 ring mail {rF+}
rPois    .         Reflect  .   (no helmet)
rElec    .         Harm     .   (no cloak)
rCorr    .         Rampage  .   (no gloves)
Will     .....                  (no boots)
Stlth    +.........             (no amulet)
HPRegen  0.18/turn              (no ring)
MPRegen  0.10/turn              (no ring)

@: paralysed
A: no striking features
a: no special abilities


You were on level 4 of the Dungeon.
You visited 1 branch of the dungeon, and saw 4 of its levels.

You collected 113 gold pieces.

Inventory:

Hand Weapons
 a - a +1 war axe (weapon)
 m - a +1 whip of electrocution
Armour
 b - a +0 ring mail of fire resistance (worn)
 c - a +0 kite shield (worn)
Jewellery
 e - an amulet of magic regeneration
 p - a ring of protection from fire
Wands
 n - a wand of charming (10)
Scrolls
 k - 2 scrolls of immolation
Potions
 d - a potion of might
 g - a potion of heal wounds
 h - a potion of curing {unknown}
 j - a potion of flight {unknown}
 l - a potion of brilliance {unknown}
 o - a potion of lignification {unknown}


   Skills:
 + Level 5.5 Fighting
 + Level 6.2 Axes
 + Level 4.2 Armour
 - Level 3.2 Shields


You had 5 spell levels left.
You didn't know any spells.
Your spell library was empty.

Dungeon Overview and Level Annotations

Branches:
Dungeon (4/15)
 Temple: D:4-7

Altars:
Fedhas
Okawaru

Annotations:
D:4 Grinder


Message History

You are poisoned.
The adder poisons you!
Grinder blinks!
An endoplasm comes into view.
The adder bites you but does no damage.
The endoplasm quivers.
You hit the ogre.
The ogre is lightly wounded.
You slash the adder!
You kill the adder!
You feel sick.
The ogre hits you with a +0 giant spiked club!!
You feel much better.
You feel sick.
Grinder blinks!
The ogre barely misses you.
You closely miss the ogre.
The ogre is lightly wounded.
You feel sick.
You are no longer poisoned.
The ogre closely misses you.
Your shield prevents you from hitting the ogre.
The ogre is lightly wounded.
The ogre closely misses you.
You hit the ogre.
The ogre is moderately wounded.
The ogre hits you with a +0 giant spiked club!
You slash the ogre!
The ogre is almost dead.
You slash the endoplasm!
You kill the endoplasm!
You block the ogre's attack. Grinder gestures at you.
You suddenly lose the ability to move!
The ogre hits you with a +0 giant spiked club!!
* * * LOW HITPOINT WARNING * * *
Grinder says, "DUCK!"
Grinder gestures at you. Pain shoots through your body!
* * * LOW HITPOINT WARNING * * *
The ogre hits you with a +0 giant spiked club!!
Ouch! That really hurt!
You die...

.. ........... ...
#...........
..5##...........
................
............... .
..................
............# ...
......O@..# ....#
.#..###...##...#
#....###......#
#...#.......##
##..†.†......##
..#..........[..#
.................#
.....##..........#
..#....###<.....##


You could see Grinder and an ogre.

Vanquished Creatures
  The ghost of Feb132020 the Gusty, an amateur TeAE (D:3)
  A water moccasin skeleton (D:3)
  2 iguanas
  7 adders
  A worm (D:2)
  A dart slug (D:1)
  An orc (D:3)
  3 bats (D:1)
  3 endoplasms
  2 giant cockroaches
  5 goblins
  5 hobgoblins
  7 kobolds
  A quokka (D:3)
  6 ball pythons
  2 frilled lizards (D:3)
  9 rats
57 creatures vanquished.

Vanquished Creatures (others)
  A killer bee zombie (D:3)
  18 plants (D:3)
19 creatures vanquished.

Grand Total: 76 creatures vanquished

Notes
Turn   | Place    | Note
-------+----------+-------------------------------------------
     0 | D:1      | Ijustatesigmund the Hill Orc Fighter began the quest for
                  | the Orb.
     0 | D:1      | Reached XP level 1. HP: 19/19 MP: 1/1
   200 | D:1      | Reached skill level 3 in Axes
   277 | D:1      | Found a faded altar of an unknown god.
   284 | D:1      | Reached XP level 2. HP: 23/27 MP: 2/2
   882 | D:2      | Found an iron altar of Okawaru.
   944 | D:2      | Reached skill level 4 in Axes
   944 | D:2      | Reached XP level 3. HP: 29/33 MP: 3/3
  1407 | D:2      | Reached XP level 4. HP: 41/41 MP: 4/4
  1771 | D:3      | Reached skill level 5 in Axes
  1834 | D:3      | Found a runed translucent gate.
  1834 | D:3      | Found a runed translucent gate.
  1835 | D:3      | Found a runed translucent gate.
  1841 | D:3      | Noticed Feb132020's ghost (amateur TeAE)
  1856 | D:3      | Killed Feb132020's ghost
  1857 | D:3      | Reached skill level 5 in Fighting
  1857 | D:3      | Reached XP level 5. HP: 27/48 MP: 5/5
  2048 | D:3      | Found a blossoming altar of Fedhas.
  2202 | D:3      | Reached skill level 6 in Axes
  2600 | D:3      | Reached XP level 6. HP: 50/56 MP: 6/6
  3023 | D:4      | Noticed Grinder
  3031 | D:4      | Paralysed by Grinder for 7 turns
  3033 | D:4      | Annihilated by an ogre

Illustrated notes

Levels and vault maps discovered:
D:1:      dpeg_arrival_shelter, layout_loops_ring, ebering_ecumenical_altar_box,
          minivault_25
D:2:      layout_basic, basic_altar
D:3:      layout_basic, fedhas_ov_isle_minmay, gammafunk_ghost_necromancy,
          corexii_shack, chequers_big_river, grunt_ministairs_13
D:4:      layout_cave_pools, uniq_grinder

Skill      XL: |  1  2  3  4  5 |
---------------+----------------+-----
Axes           | 3 4 5 6 |  6.2
Fighting       | 4 5 |  5.5
Armour         | 4 |  4.2
Shields        | |  3.2

Action                   |  1- 3 |  4- 6 || total
-------------------------+-------+-------++-------
Melee: War axe           |   101 |    87 ||   188
  Use: Potion            |       |     3 ||     3
       Scroll            |       |     3 ||     3
Armor: Ring mail         |    43 |    29 ||    72
Dodge: Dodged            |    50 |    35 ||    85
Block: Kite shield       |    49 |    41 ||    90

Table legend: (Time is in decaauts)
 A = Elapsed time spent in this place.
 B = Non-inter-level travel time spent in this place.
 C = Inter-level travel time spent in this place.
 D = Time resting spent in this place.
 E = Time spent auto-exploring this place.
 F = Levels seen in this place.
 G = Mean time per level.
                   A        B        C        D        E       F      G
               +--------+--------+--------+--------+--------+-----+--------+
         Total |   3137 |   3050 |     87 |    394 |   2142 |   4 |  784.2 |
       Dungeon |   3137 |   3050 |     87 |    394 |   2142 |   4 |  784.2 |
               +--------+--------+--------+--------+--------+-----+--------+

Top non-repeatable levels by time:
     D:3: 1213 daAuts
     D:2: 927 daAuts
     D:1: 895 daAuts
     D:4: 101 daAuts
